 Dungeon Crawl Stone Soup version 0.27.0-1-g7a089689b8 (webtiles) character file.

Game seed: 310983750188319586

37 horus123 the Skirmisher (level 3, -2/36 HPs)
             Began as a Ghoul Wanderer on Aug 14, 2021.
             Slain by a gnoll (3 damage)
             ... on level 2 of the Dungeon.
             The game lasted 00:02:15 (1415 turns).

horus123 the Skirmisher (Ghoul Wanderer)            Turns: 1415, Time: 00:02:15

Health: -2/36      AC:  8    Str: 17    XL:     3   Next: 39%
Magic:  2/2        EV:  9    Int:  6    God:
Gold:   24         SH:  0    Dex:  8    Spells: 2/2 levels left

rFire    . . .     SeeInvis +   a - +0 mace
rCold    + . .     Faith    .   (no shield)
rNeg     + + +     Spirit   .   b - +2 scale mail
rPois    ∞         Reflect  .   (no helmet)
rElec    .         Harm     .   (no cloak)
rCorr    .         Rampage  .   (no gloves)
Will     .....                  (no boots)
Stlth    ..........             (no amulet)
HPRegen  0.00/turn              f - ring of see invisible
MPRegen  0.08/turn              (no ring)

@: inhibited regen
A: claws 1, cold resistance 1, negative energy resistance 3, inhibited
regeneration, torment resistance 2
a: no special abilities


You were on level 2 of the Dungeon.
You visited 1 branch of the dungeon, and saw 2 of its levels.

You collected 24 gold pieces.

Inventory:

Hand Weapons
 a - a +0 mace (weapon)
 c - a +0 hand crossbow
Missiles
 d - 22 bolts
Armour
 b - a +2 scale mail (worn)
Jewellery
 f - a ring of see invisible (left claw)
Scrolls
 e - a scroll of identify {unknown}


   Skills:
 + Level 5.2 Fighting
 + Level 1.1 Maces & Flails
 + Level 1.0 Bows
 + Level 1.0 Crossbows
 + Level 1.9 Armour
 + Level 0.1 Dodging
 + Level 1.0 Shields
 + Level 1.0 Evocations


You had 2 spell levels left.
You didn't know any spells.
Your spell library contained the following spells:

 Spells                   Type           Power      Damage    Failure   Level
 Magic Dart               Conj           0%         1d3       86%         1
 Summon Small Mammal      Summ           0%         N/A       86%         1
 Call Imp                 Summ           0%         N/A       95%         2
 Call Canine Familiar     Summ           0%         N/A       99%         3
 Mephitic Cloud           Conj/Pois/Air  0%         N/A       99%         3
 Stone Arrow              Conj/Erth      0%         3d7       99%         3
 Summon Guardian Golem    Hex/Summ       0%         N/A       99%         3
 Animate Armour           Summ/Erth      0%         N/A       100%        4
 Lehudib's Crystal Spear  Conj/Erth      0%         10d2      100%        8


Dungeon Overview and Level Annotations

Branches:
Dungeon (2/15)

Altars:
Zin


Innate Abilities, Weirdness & Mutations

You thrive by killing the living.
You are immune to poison.
You have sharp fingernails.
Your flesh is cold resistant. (rC+)
You are immune to negative energy. (rN+++)
You do not regenerate when monsters are visible.
You are immune to unholy pain and torment.


Message History

You kill the gnoll!
You feel better.
The gnoll hits you from afar with a +0 spear.
The gnoll hits you but does no damage.
Your Maces & Flails skill increases to level 1!
The gnoll completely misses you. The gnoll barely misses you.
Things that are here:
a +0 club; a gnoll corpse You hit the gnoll.
The gnoll is lightly wounded.
The gnoll hits you but does no damage. The gnoll hits you with a +0 spear.
You hit the gnoll.
The gnoll is lightly wounded.
A jackal comes into view.
The gnoll hits you from afar with a +0 spear!
The gnoll hits you with a +0 spear.
* * * LOW HITPOINT WARNING * * *
The gnoll barely misses you. The gnoll hits you but does no damage.
You barely miss the gnoll.
The gnoll is lightly wounded.
The gnoll hits you from afar with a +0 spear.
* * * LOW HITPOINT WARNING * * *
The gnoll hits you with a +0 spear.
* * * LOW HITPOINT WARNING * * *
You hit the gnoll but do no damage.
The gnoll is lightly wounded.
The gnoll closely misses you. The gnoll hits you but does no damage.
You hit the gnoll but do no damage.
The gnoll is lightly wounded.
The gnoll hits you from afar with a +0 spear.
* * * LOW HITPOINT WARNING * * *
The gnoll hits you but does no damage.
The gnoll hits you from afar with a +0 spear.
* * * LOW HITPOINT WARNING * * *
The gnoll barely misses you.
You hit the gnoll but do no damage.
The gnoll is lightly wounded.
The gnoll hits you but does no damage.
The gnoll hits you from afar with a +0 spear.
You die...

#.....##
#......#
#......###
#......#.$
#......#h#
#......#g#
#......#g#
#....<.#g#
#####..#@#
#..#.#
#..#.#
#....#
#.#.....#
#.#.#####
#...#
#####


You could see 3 gnolls and a jackal.

Vanquished Creatures
  A gnoll (D:2)
  An adder (D:2)
  A ball python (D:1)
  2 endoplasms (D:2)
  3 goblins
  2 hobgoblins (D:2)
  A quokka (D:1)
  A bat (D:1)
  2 frilled lizards (D:2)
  2 kobolds
  2 rats (D:1)
18 creatures vanquished.

Notes
Turn   | Place    | Note
-------+----------+-------------------------------------------
     0 | D:1      | horus123 the Ghoul Wanderer began the quest for the Orb.
     0 | D:1      | horus123 set off with the following items: a +0 mace, a +2
                  | scale mail, a +0 hand crossbow, 22 bolts
     0 | D:1      | Reached XP level 1. HP: 22/22 MP: 0/0
    78 | D:1      | Found a faded altar of an unknown god.
   263 | D:1      | You fall into a shaft and drop 1 floor!
   269 | D:2      | Reached XP level 2. HP: 28/28 MP: 1/1
   304 | D:2      | Reached skill level 5 in Fighting
   871 | D:1      | Reached XP level 3. HP: 36/36 MP: 2/2
  1409 | D:2      | Reached skill level 1 in Maces & Flails
  1414 | D:2      | HP: 1/36 [gnoll (4)]
  1415 | D:2      | Slain by a gnoll

Illustrated notes

Levels and vault maps discovered:
D:1:      sevenhm_arrival_forest_fort_small_4, layout_loops_corners,
          basic_ecumenical_altar, roderic_roman_lattice
D:2:      layout_basic, basic_altar, chequers_serial_rivers_small_b

Skill      XL: |  1  2  3 |
---------------+----------+-----
Fighting       | 5 |  5.2
Maces & Flails | 1 |  1.1
Bows           | |  1.0
Crossbows      | |  1.0
Armour         | |  1.9
Dodging        | |  0.1
Shields        | |  1.0
Evocations     | |  1.0

Action                   || total
-------------------------++-------
Melee: Mace              ||    51
Armor: Scale mail        ||    39
Dodge: Dodged            ||    37
